 Dungeon Crawl Stone Soup version 0.27-a0-972-gd1521fd518 (webtiles) character file.

Game seed: 6964771054301742482

219 mnm the Ruffian (level 5, -6/78 HPs)
             Began as a Troll Fighter on Apr 13, 2021.
             Was an Initiate of Okawaru.
             Succumbed to an orange demon's poison
             ... on level 3 of the Dungeon.
             The game lasted 00:05:45 (2362 turns).

mnm the Ruffian (Troll Fighter)                     Turns: 2362, Time: 00:05:45

Health: -6/78      AC: 22    Str: 23 (25) XL:     5   Next: 63%
Magic:  4/4        EV:  1    Int:  3 (4)  God:    Okawaru [......]
Gold:   192        SH:  9    Dex:  6 (9)  Spells: 4/4 levels left

rFire    . . .     SeeInvis .     - Unarmed
rCold    . . .     Faith    .   b - +1 kite shield
rNeg     + + +     Spirit   .   (armour currently unavailable)
rPois    +         Reflect  .   (helmet currently unavailable)
rElec    .         Harm     .   (cloak currently unavailable)
rCorr    .         Rampage  .   (gloves unavailable)
Will     +....     NoTele   +   (boots unavailable)
Stlth    +.........             (no amulet)
HPRegen  1.23/turn              e - ring of willpower
MPRegen  0.09/turn              f - +4 ring of evasion

@: lethally poisoned (-6 -> -36), tree-form, weakened
A: stationary, stasis, torment immunity, boosted hp, large, unfitting armour,
(claws 3), regeneration 1, (shaggy fur 1), (tough skin 1)
a: Renounce Religion


You were on level 3 of the Dungeon.
You worshipped Okawaru.
Okawaru was noncommittal.
You were a tree.
You visited 1 branch of the dungeon, and saw 3 of its levels.

You collected 192 gold pieces.

Inventory:

Armour
 a - a +0 robe (melded)
 b - a +1 kite shield (worn)
Jewellery
 e - a ring of willpower (left branch)
 f - a +4 ring of evasion (right branch)
Scrolls
 j - a scroll of teleportation
 k - a scroll of magic mapping {unknown}
Potions
 c - 2 potions of might
 d - a potion of brilliance
 g - a potion of resistance {unknown}
 l - a potion of heal wounds {unknown}


   Skills:
 + Level 2.8 Fighting
 + Level 3.6 Dodging
 + Level 0.2 Stealth
 + Level 3.0 Shields
 + Level 3.9 Unarmed Combat


You had 4 spell levels left.
You didn't know any spells.
Your spell library contained the following spells:

 Spells                   Type           Power      Damage    Failure   Level
 Animate Skeleton         Necr           0%         N/A       91%         1
 Apportation              Tloc           0%         N/A       91%         1
 Corona                   Hex            0%         N/A       91%         1
 Summon Small Mammal      Summ           0%         N/A       91%         1


Dungeon Overview and Level Annotations

Branches:
Dungeon (3/15)

Altars:
Makhleb
Okawaru

Shops:
D:2 =


Innate Abilities, Weirdness & Mutations

You are a tree.
Your roots penetrate the ground, keeping you stationary.
You cannot be teleported.
You are immune to unholy pain and torment.
Your maximum health is greatly increased.
Your equipment is partially melded.
You are too large for most types of armour.
((You have claws for hands.))
Your natural rate of healing is unusually fast.
((You are covered in fur. (AC +1)))
((You have tough skin. (AC +1)))


Message History

The orange demon barely misses you. x2
You closely miss the orange demon.
The orange demon is lightly wounded.
The orange demon stings you! You block the orange demon's attack.
You closely miss the orange demon.
The orange demon is lightly wounded.
You block the orange demon's attack. x2
Your shield prevents you from hitting the orange demon.
The orange demon is lightly wounded.
The orange demon stings you. The orange demon barely misses you.
You block the orange demon's attack. x2
You barely miss the orange demon.
The orange demon is lightly wounded.
The orange demon stings you!
You are poisoned.
The orange demon poisons you! The orange demon barely misses you.
You claw the orange demon!
The orange demon is moderately wounded.
You feel very sick. The orange demon stings you!
You are lethally poisoned!
The orange demon poisons you! The orange demon hits you.
You claw the orange demon!
The orange demon is heavily wounded.
* * * LOW HITPOINT WARNING * * *
You feel extremely sick. The orange demon stings you.
* * * LOW HITPOINT WARNING * * *
You are more poisoned.
The orange demon poisons you! The orange demon barely misses you.
It was a potion of lignification.
You turn into a tree.
Your +0 robe melds into your body.
Your roots penetrate the ground.
* * * LOW HITPOINT WARNING * * *
You feel extremely sick. You block the orange demon's attack.
The orange demon hits you but does no damage.
It was a potion of degeneration.
There was something very wrong with that liquid.
You feel weakened.
You feel dopey.
You feel clumsy.
You die...

.##
..#############
..........†...#
.#.##########.#
......# #.#
......#### #.#
.........# #.#
......##.#
#.##########
..>...##.#
#...♣4.....#
.........#
##########.#
......##.###### .#
####.###....†.# ..
# #.# #..##### .##
# #.# #..# ..
####.###..########
##
.....##.......≈≈≈.
###..##..#########


You could see an orange demon.

Vanquished Creatures
  A sky beast (D:3)
  A hound (D:2)
  3 adders
  A worm (D:2)
  3 dart slugs
  An orc (D:3)
  2 ball pythons (D:1)
  6 bats
  9 endoplasms
  4 giant cockroaches
  6 goblins
  5 hobgoblins
  4 jackals
  5 frilled lizards
  2 kobolds
  4 rats
57 creatures vanquished.

Notes
Turn   | Place    | Note
-------+----------+-------------------------------------------
     0 | D:1      | mnm the Troll Fighter began the quest for the Orb.
     0 | D:1      | Reached XP level 1. HP: 22/22 MP: 0/0
   138 | D:1      | Reached XP level 2. HP: 29/29 MP: 1/1
  1088 | D:2      | Reached XP level 3. HP: 36/36 MP: 2/2
  1126 | D:2      | Found a faded altar of an unknown god.
  1137 | D:2      | Became a worshipper of Makhleb the Destroyer
  1137 | D:2      | Reached * piety under Makhleb
  1194 | D:2      | Reached XP level 4. HP: 27/44 MP: 3/3
  1716 | D:2      | Found Mepied's Jewellery Shop.
  1865 | D:3      | Noticed a sky beast
  1874 | D:3      | Killed a sky beast
  1875 | D:3      | Reached XP level 5. HP: 37/52 MP: 4/4
  1888 | D:3      | Found an iron altar of Okawaru.
  1934 | D:3      | Fell from the grace of Makhleb
  1934 | D:3      | Became a worshipper of Warmaster Okawaru
  2342 | D:3      | Noticed an orange demon
  2361 | D:3      | HP: 3/78 [poisoned by an orange demon]
  2362 | D:3      | Succumbed to an orange demon's poison

Illustrated notes

Levels and vault maps discovered:
D:1:      eino_arrival_cavern_b, layout_basic
D:2:      layout_basic, serial_shops, shop, ebering_ecumenical_altar_box
D:3:      layout_loops_ring, amcnicky_altar_gilded, corexii_corridor_pit

Skill      XL: |  1  2  3  4 |
---------------+-------------+-----
Dodging        | 3 |  3.6
Unarmed Combat | 3 |  3.9
Shields        | 3 |  3.0
Fighting       | |  2.8
Stealth        | |  0.2

Action                   |  1- 3 |  4- 6 || total
-------------------------+-------+-------++-------
Melee: Unarmed           |    80 |    94 ||   174
  Use: Scroll            |       |     5 ||     5
       Potion            |       |     2 ||     2
Armor: Robe              |    31 |    20 ||    51
       Skin              |       |     1 ||     1
Dodge: Dodged            |    30 |    42 ||    72
Block: Kite shield       |    29 |    38 ||    67

Table legend: (Time is in decaauts)
 A = Elapsed time spent in this place.
 B = Non-inter-level travel time spent in this place.
 C = Inter-level travel time spent in this place.
 D = Time resting spent in this place.
 E = Time spent auto-exploring this place.
 F = Levels seen in this place.
 G = Mean time per level.
                   A        B        C        D        E       F      G
               +--------+--------+--------+--------+--------+-----+--------+
         Total |   2392 |   2332 |     60 |      0 |   1885 |   3 |  797.3 |
       Dungeon |   2392 |   2332 |     60 |      0 |   1885 |   3 |  797.3 |
               +--------+--------+--------+--------+--------+-----+--------+

Top non-repeatable levels by time:
     D:1: 944 daAuts
     D:2: 863 daAuts
     D:3: 584 daAuts
